AoeStats
← Nhan_prime

Arena

510575770Analyzed
1v1 RM · 2d ago on Oct 1, 2026· 50m 46s· 2 players
Game mode
Random Map
Map size
Tiny (2 player)
Population
200
Speed
Normal
Resources
Standard
Victory
Conquest
Starting age
Dark Age
Ending age
Imperial Age
RankedLock teamsTeams togetherTeam positionsShared explorationLock speedFull tech treeHidden civsTurbo modeCheats
Victory
Defeat
🇬🇪 Dravidians · Georgia
656
+18
🇻🇳 Persians · Vietnam
689
-18
OrigiNaL ``
3:13 Loom
10:32 Feudal Age
11:26 Double-Bit Axe
18:07 Castle Age
15:50 Horse Collar
19:23 Bow Saw
19:16 Heavy Plow
19:13 Gold Mining
19:15 Stone Mining
22:14 Crossbowman
22:48 Fletching
23:57 Bodkin Arrow
25:35 Thumb Ring
31:34 Wheelbarrow
34:31 Forging
34:27 Scale Barding Armor
34:22 Padded Archer Armor
34:59 Hand Cart
36:44 Medical Corps
40:59 Imperial Age
39:29 Ballistics
38:59 Heated Shot
39:51 Iron Casting
39:32 Leather Archer Armor
39:32 Elite Skirmisher
42:09 Chain Barding Armor
41:12 Siege Elephant
42:21 Wootz Steel
45:20 Bracer
46:21 Blast Furnace
46:40 Ring Archer Armor
46:11 Scale Mail Armor
46:23 Arbalester
46:24 Elite Elephant Archer
49:02 Chemistry
47:48 Arrowslits
49:01 Elite Urumi Swordsman
Nhan_prime
0:28 Loom
11:39 Feudal Age
12:01 Double-Bit Axe
12:08 Gold Mining
12:00 Horse Collar
14:00 Stone Mining
21:04 Castle Age
19:20 Fletching
20:22 Padded Archer Armor
20:33 Forging
22:06 Bow Saw
23:05 Wheelbarrow
26:19 Pikeman
27:33 Squires
28:06 Thumb Ring
28:16 Murder Holes
28:49 Town Watch
29:20 Hand Cart
30:01 Bodkin Arrow
33:08 Kamandaran
33:29 Crossbowman
37:02 Devotion
37:10 Heavy Plow
37:46 Gold Shaft Mining
44:50 Imperial Age
44:54 Elite War Elephant
45:56 Conscription
45:49 Citadels
47:49 Faith
49:57 Hoardings
50:29 Stone Shaft Mining
Connection lost

Rejoining the realm…

Still unreachable

The connection could not be restored.

Session expired

The server has moved on; the page needs a fresh start.